 Dungeon Crawl Stone Soup version 0.20-a0-1117-g62da73f (webtiles) character file.

77921 Chaoticas the Severer (level 15, -7/120 HPs)
             Began as a Demonspawn Abyssal Knight on May 9, 2017.
             Was the Champion of Lugonu.
             Killed from afar by a shock serpent (8 damage)
             ... with an electric aura
             ... on level 2 of the Lair of Beasts on May 10, 2017.
             The game lasted 02:09:27 (22472 turns).

Chaoticas the Severer (Demonspawn Abyssal Knight)  Turns: 22472, Time: 02:09:28

Health: -7/120     AC: 28    Str: 16    XL:     15   Next: 16%
Magic:  0/22       EV:  3    Int: 20    God:    Lugonu [******]
Gold:   922        SH:  7    Dex: 12    Spells: 7/14 levels left

rFire    + + .     SeeInvis .   D - +6 war axe (elec)
rCold    . . .     Gourm    .   k - +0 shield
rNeg     + . .     Faith    .   x - +1 plate armour {rF+}
rPois    +         Spirit   +   n - +2 hat {Int+3}
rElec    .         Reflect  .   P - scarf {Spirit}
rCorr    .         Harm     .   y - +0 pair of gloves
MR       +....                  Z - +1 pair of boots {run}
Stlth    ..........             q - amulet of regeneration
Regen    0.7/turn               U - ring of poison resistance
MPRegen  0.2/turn               B - ring of positive energy

@: sanguine armour, constricted, quick
A: talons 1, demonic guardian 2, fire resistance 1, ignite blood, augmentation
1, flame cloud immunity, sanguine armour 1
a: Depart the Abyss, Bend Space, Banish, Corrupt, Enter the Abyss, Brand Weapon
With Distortion, Renounce Religion


You were on level 2 of the Lair of Beasts.
You worshipped Lugonu.
Lugonu was exalted by your worship.
You were not hungry.

You visited 5 branches of the dungeon, and saw 23 of its levels.
You visited the Abyss 1 time.
You also visited: Ice Cave.

You collected 1864 gold pieces.
You spent 942 gold pieces at shops.

Inventory:

Hand Weapons
 v - a +4 flail of protection
   (You took it off Edmund on level 4 of the Dungeon)
 D - a +6 war axe of electrocution (weapon)
   (You took it off an orc on level 5 of the Dungeon)
 T - a +7 battleaxe of distortion
   (You found it on level 6 of the Lair of Beasts)
 W - a +0 hand crossbow of freezing
   (You found it on level 10 of the Dungeon)
Missiles
 f - 97 bolts (quivered)
Armour
 k - a +0 shield (worn)
   (You took it off an orc warlord on level 2 of the Orcish Mines)
 n - a +2 hat of intelligence (worn)
   (You took it off Gastronok on level 1 of the Lair of Beasts)
 x - a +1 plate armour of fire resistance (worn)
   (You took it off an orc warrior on level 1 of the Orcish Mines)
 y - a +0 pair of gloves (worn)
   (You found it on level 2 of the Swamp)
 P - a scarf of spirit shield (worn)
   (You bought it in a shop on level 2 of the Orcish Mines)
 Z - a +1 pair of boots of running (worn)
   (You found it on level 11 of the Dungeon)
Jewellery
 q - an amulet of regeneration (around neck)
   (You found it on level 2 of the Dungeon)
 B - a ring of positive energy (right hand)
   (You found it on level 1 of the Swamp)
 Q - the amulet of Rutog {+Rage +Fly rF+}
   (You found it on level 11 of the Dungeon)

   [amulet of rage]

   It protects you from fire.
   It lets you fly.
   It lets you go berserk.
 U - a ring of poison resistance (left hand)
   (You found it on level 1 of the Lair of Beasts)
Wands
 b - a wand of confusion (36/48)
   (You found it on level 8 of the Dungeon)
 i - a wand of polymorph (12/24)
   (You found it on level 2 of the Swamp)
 m - a wand of lightning (2/15)
   (You took it off Joseph on level 8 of the Dungeon)
 w - a wand of paralysis (15/24)
   (You found it on level 11 of the Dungeon)
 I - a wand of disintegration (10/24)
   (You found it on level 8 of the Dungeon)
 J - a wand of iceblast (11/15)
   (You found it on level 9 of the Dungeon)
 Y - a wand of acid (8/15)
   (You found it on level 1 of the Lair of Beasts)
Scrolls
 h - 10 scrolls of remove curse
 o - a scroll of recharging
 z - 12 scrolls of teleportation
 G - a scroll of magic mapping
 K - 3 scrolls of fog
 M - a scroll of amnesia
 O - a scroll of silence
Potions
 e - 9 potions of curing
 j - a potion of flight
 p - 3 potions of cancellation
 t - 2 potions of agility
 u - 2 potions of haste
 A - 6 potions of lignification
 E - a potion of magic
 S - a potion of berserk rage
Miscellaneous
 d - a phial of floods
   (You found it on level 11 of the Dungeon)
 N - a lamp of fire
   (You found it on level 11 of the Dungeon)
 X - a phial of floods
   (You found it on level 1 of the Lair of Beasts)
Comestibles
 a - 10 meat rations
 c - 9 bread rations
 l - 3 fruits
 F - 12 royal jellies


   Skills:
 + Level 12.1 Fighting
 * Level 15.1 Axes
 + Level 11.3 Armour
 - Level 9.4 Dodging
 - Level 5.3 Necromancy
 - Level 10.0 Invocations


You had 7 spell levels left.
You knew the following spells:

 Your Spells              Type           Power        Failure   Level  Hunger
a - Regeneration          Chrm/Necr      ##........   100%        3    ####...
b - Animate Dead          Necr           N/A          100%        4    #####..


Dungeon Overview and Level Annotations

Branches:
Dungeon (11/15)            Temple (0/1) D:4            Lair (6/6) D:8
  Swamp (3/4) Lair:2        Snake (1/4) Lair:2        Slime (0/5) Lair:6
    Orc (2/2) D:10            Elf (0/3) Orc:2

Altars:
Ashenzari
Cheibriados
Gozag
Ru
Sif Muna
Xom
Jiyva

Shops:
D:9 (   D:11 ?   Orc:1 :   Orc:2 (*[=

Annotations:
Snake:1 corrupted
Abyss:1 Nergalle, Sonja


Innate Abilities, Weirdness & Mutations

You have sharp toenails.
A demonic guardian rushes to your aid.
Your flesh is heat resistant. (rF+)
Your demonic aura causes spilled blood to erupt in flames.
Your magical and physical power is slightly enhanced at high health.
You are immune to clouds of flame.
When seriously injured, your bleeding wounds create armour. (AC +6)


Message History

The shock serpent bites you but does no damage.
Cornered, the anaconda turns to fight!
The shock serpent bites you but does no damage.
The shock serpent bites you but does no damage.
The anaconda grabs you. The anaconda completely misses you.
The anaconda constricts you.
You escape the anaconda's grasp.
The shock serpent barely misses you. The anaconda grabs you.
The anaconda bites you.
* * * LOW HITPOINT WARNING * * *
x2 The anaconda constricts you.
The shock serpent shoots out a bolt of lightning at you!
The bolt of electricity hits you!
* * * LOW MAGIC WARNING * * *;
* * * LOW HITPOINT WARNING * * *
The bolt of electricity hits your soul eater.
You closely miss the shock serpent.
Your shield and plate armour prevent you from hitting the shock serpent.
You hit the anaconda.
You feel less invigorated.
You feel less confused.
The shock serpent bites you but does no damage.
The anaconda bites you but does no damage.
* * * LOW HITPOINT WARNING * * *
The anaconda constricts you.
The shock serpent shoots out a bolt of lightning at you!
The bolt of electricity hits you!
* * * LOW MAGIC WARNING * * *;
* * * LOW HITPOINT WARNING * * *
You escape the anaconda's grasp.
The shock serpent closely misses your soul eater.
The shock serpent bites your soul eater!
The shock serpent shocks your soul eater!
Your soul eater hits the shock serpent!
The shock serpent's electric aura discharges, shocking your soul eater!
The shock serpent is engulfed in blazing flames.
The shock serpent closely misses your soul eater.
The shock serpent's electric aura discharges, shocking you!
The anaconda grabs you. The anaconda bites you!
* * * LOW MAGIC WARNING * * *;
* * * LOW HITPOINT WARNING * * *
* * * LOW MAGIC WARNING * * *;
* * * LOW HITPOINT WARNING * * *
The anaconda constricts you.
The anaconda's grasp on you weakens, but your attempt to escape fails.
The shock serpent is engulfed in blazing flames.
The shock serpent bites your soul eater.
The shock serpent shocks your soul eater!
Your soul eater dies!
The shock serpent's electric aura discharges, shocking you!
The anaconda bites you!
* * * LOW MAGIC WARNING * * *;
* * * LOW HITPOINT WARNING * * *
The anaconda constricts you.
The shock serpent is engulfed in blazing flames.
The shock serpent's electric aura discharges, shocking you!
You die...

#.....## #............
##.....####............
##.......#P.............
##P......................
####......###...###......... ##
#.........#.......#P........ #.
##........#.......#.........
#.##...........§...............
###.............@S§>.......P.....
................S§S.......#P.....
#..............#...§...#.........
#..............#.....(.#.........
...............###...###.........
###..................)...........
#..................)......>....
##................[............
#P.............................


You could see an anaconda and 2 shock serpents.

Vanquished Creatures
  Gastronok (Lair:1)
  A thorn hunter (Swamp:2)
  An azure jelly (Swamp:2)
  An orc warlord (Orc:2)
  Snorg (Orc:1)
  The ghost of Likado the Spear-Bearer, a journeyman GnSk of Kikubaaqudgha (Lair:1)
  4 hydras
  2 catoblepae (Lair:6)
  3 alligators
  7 death yaks (Lair:6)
  3 orc high priests (Orc:2)
  A fire crab (Lair:5)
  3 swamp dragons
  A shambling mangrove (Swamp:3)
  A wizard (D:11)
  2 spriggan druids
  Pikel (D:4)
  An orc knight (Orc:2)
  A mana viper (Lair:2)
  5 orc sorcerers
  A cyclops (D:11)
  A manticore (D:10)
  A wolf spider (D:11)
  3 black mambas
  An elephant (Lair:5)
  An ice statue (IceCv)
  16 spiny frogs
  3 rime drakes
  A freezing wraith (Swamp:2)
  9 komodo dragons
  6 ice devils (IceCv)
  3 polar bears
  5 trolls
  6 hornets
  2 tyrant leeches
  17 blink frogs
  2 bog bodies
  3 slime creatures (Swamp:1)
  7 hippogriffs
  A shadow (Swamp:3)
  4 spriggans
  3 wyverns
  2 wraiths (D:11)
  A hog (D:8)
  13 yaks
  A fire elemental (Lair:3)
  A steam dragon (D:8)
  4 basilisks
  10 swamp worms
  28 vampire mosquitoes
  6 insubstantial wisps (Swamp:2)
  A warg (Orc:2)
  2 nagas (Lair:2)
  3 porcupines
  3 swamp drakes
  8 water moccasins
  24 orc warriors
  An ice beast (D:8)
  A black bear (Lair:6)
  A sky beast (D:7)
  3 ogres
  A phantom (D:10)
  9 wolves (Lair:6)
  4 centaurs
  11 crocodiles
  11 bullfrogs
  2 scorpions
  A killer bee (D:8)
  6 wights
  5 electric eels
  A howler monkey (D:10)
  5 crimson imps
  2 bullfrog zombies
  10 hounds
  A jelly (D:7)
  2 orc priests (D:8)
  17 orc wizards
  3 bullfrog skeletons
  5 centaur skeletons
  4 iguanas
  6 worker ants
  A killer bee zombie (D:7)
  2 hound skeletons
  3 worker ant zombies
  7 gnolls (D:8)
  A howler monkey skeleton (D:4)
  6 adders
  A shadow imp (D:8)
  7 white imps (IceCv)
  2 ufetubi (IceCv)
  An adder zombie (D:8)
  3 worms
  2 dart slugs
  4 leopard geckos
  64 orcs
  6 bats
  4 giant cockroaches
  2 goblins
  9 hobgoblins
  7 jackals (D:1)
  3 quokkas
  2 ball pythons
  6 frilled lizards
  8 kobolds
  A leopard gecko skeleton (D:5)
  2 rats
  A bush (Lair:6)
  3 fungi
  3 plants
517 creatures vanquished.

Vanquished Creatures (collateral kills)
  3 hydras
  2 alligators (Swamp:2)
  A two-headed ogre (Orc:2)
  A death yak (Lair:6)
  A swamp dragon (Swamp:2)
  2 orc knights (Orc:2)
  5 elephants
  Joseph (D:8)
  A spiny frog (Lair:1)
  2 komodo dragons
  An ice devil (IceCv)
  A troll (Orc:2)
  2 hippogriffs (Lair:6)
  7 slime creatures
  7 blink frogs
  A human (D:8)
  2 basilisks
  3 hogs (D:8)
  8 yaks
  4 vampire mosquitoes (Swamp:3)
  Menkaure (D:7)
  A steam dragon (D:8)
  2 wargs (Orc:2)
  Edmund (D:4)
  A naga (Lair:2)
  3 water moccasins
  3 orc warriors (Orc:2)
  A porcupine (Lair:3)
  An ice beast (D:7)
  A sky beast (D:7)
  A phantom (D:3)
  A wight (D:7)
  12 killer bees
  A crimson imp (D:8)
  A bullfrog zombie (D:5)
  2 orc priests (Orc:2)
  3 orc wizards
  Jessica (D:3)
  A leopard gecko (D:8)
  5 orcs
98 creatures vanquished.

Vanquished Creatures (others)
  A hydra (Swamp:3)
  A death yak (Lair:6)
  A deep troll shaman (Lair:6)
  An orc high priest (Orc:2)
  A lindwurm (Lair:6)
  An ice statue (IceCv)
  A black mamba (shapeshifter) (D:11)
  2 spiny frogs
  A black mamba (Snake:1)
  A freezing wraith (Swamp:2)
  A tyrant leech (Swamp:1)
  A warg (Orc:2)
  An orc warrior (Orc:2)
  A wolf (Lair:6)
  An orc priest (D:4)
  2 orc wizards (D:4)
  5 white imps (IceCv)
  5 ufetubi (IceCv)
  17 fungi
  6 plants
51 creatures vanquished.

Grand Total: 666 creatures vanquished

Notes
Turn   | Place    | Note
-------+----------+-------------------------------------------
     0 | Abyss:1  | Chaoticas the Demonspawn Abyssal Knight began the quest for the Orb.
     0 | Abyss:1  | Reached XP level 1. HP: 18/18 MP: 2/2
    68 | Abyss:1  | Found a corrupted altar of Lugonu.
    76 | Abyss:1  | Noticed a large abomination
    82 | D:1      | Escaped the Abyss
   111 | D:1      | Reached skill level 2 in Axes
   153 | D:1      | Reached skill level 2 in Armour
   169 | D:1      | Gained mutation: A weak demonic guardian rushes to your aid. [demonic ancestry]
   169 | D:1      | Reached XP level 2. HP: 15/24 MP: 3/3
   187 | D:1      | HP: 12/24 [jackal (3)]
   191 | D:1      | Reached * piety under Lugonu
   191 | D:1      | Reached skill level 1 in Dodging
   740 | D:1      | Gained mutation: Your flesh is heat resistant. (rF+) [demonic ancestry]
   740 | D:1      | Reached XP level 3. HP: 26/29 MP: 4/4
  1044 | D:2      | Found a shattered altar of Ashenzari.
  1044 | D:2      | Found a shimmering altar of Xom.
  1162 | D:2      | Found a sacrificial altar of Ru.
  1836 | D:3      | HP: 14/29 [worm (6)]
  2120 | D:3      | Reached skill level 3 in Invocations
  2120 | D:3      | Reached XP level 4. HP: 35/35 MP: 6/6
  2258 | D:3      | Noticed Jessica
  2266 | D:3      | Killed Jessica
  2300 | D:3      | Noticed a phantom
  2326 | D:3      | Killed a phantom
  2326 | D:3      | Reached skill level 3 in Axes
  2326 | D:3      | Gained mutation: You are immune to clouds of flame. [demonic ancestry]
  2326 | D:3      | Reached XP level 5. HP: 38/41 MP: 7/7
  2549 | D:3      | Reached ** piety under Lugonu
  2845 | D:4      | Noticed Edmund
  2881 | D:4      | HP: 18/41 [Edmund/flail of protection (7)]
  2887 | D:4      | HP: 18/41 [Edmund/flail of protection (3)]
  2898 | D:4      | Killed Edmund
  2898 | D:4      | Reached skill level 3 in Armour
  3202 | D:4      | Found a staircase to the Ecumenical Temple.
  3242 | D:4      | Reached skill level 4 in Fighting
  3322 | D:4      | Noticed Pikel
  3322 | D:4      | Noticed a slave
  3322 | D:4      | Noticed a slave
  3323 | D:4      | Noticed a slave
  3325 | D:4      | Noticed a slave
  3341 | D:4      | Killed Pikel
  3341 | D:4      | Reached skill level 4 in Axes
  3341 | D:4      | Reached skill level 4 in Invocations
  3341 | D:4      | Reached XP level 6. HP: 42/49 MP: 7/9
  3341 | D:4      | Gained mutation: A demonic guardian rushes to your aid. [demonic ancestry]
  3341 | D:4      | Reached XP level 7. HP: 47/55 MP: 7/10
  3592 | D:4      | Reached skill level 5 in Axes
  4082 | D:5      | Entered Level 5 of the Dungeon
  4119 | D:5      | Found a deep blue altar of Sif Muna.
  4165 | D:5      | Reached skill level 4 in Armour
  4292 | D:5      | Reached skill level 5 in Invocations
  4379 | D:5      | Reached skill level 5 in Fighting
  4501 | D:5      | HP: 23/56 [centaur (8)]
  4504 | D:5      | Gained mutation: You have sharp toenails. [demonic ancestry]
  4504 | D:5      | Reached XP level 8. HP: 22/62 MP: 10/12
  4939 | D:6      | HP: 31/62 [ogre/giant spiked club (31)]
  4993 | D:6      | Reached skill level 6 in Axes
  5220 | D:6      | Got an iridescent quarterstaff
  5330 | D:6      | Reached skill level 6 in Invocations
  5377 | D:6      | HP: 30/63 [centaur (8)]
  5458 | D:6      | Reached *** piety under Lugonu
  5572 | D:6      | Reached skill level 5 in Armour
  5859 | D:7      | Found a snail-covered altar of Cheibriados.
  5903 | D:7      | Reached XP level 9. HP: 67/69 MP: 12/14
  5922 | D:7      | Reached skill level 7 in Axes
  6051 | D:7      | Reached skill level 7 in Invocations
  6163 | D:7      | HP: 24/69 [orc warrior/long sword (16)]
  6173 | D:7      | Reached skill level 6 in Fighting
  6283 | D:7      | Noticed Menkaure
  6289 | D:7      | Got a jewelled ring mail
  6294 | D:7      | Killed Menkaure
  6350 | D:7      | Identified the +1 ring mail of Freedom {MR+ Str+4 Int+4} (You found it on level 7 of the Dungeon)
  6600 | D:8      | Reached **** piety under Lugonu
  7165 | D:8      | Reached skill level 6 in Armour
  7228 | D:8      | Reached skill level 8 in Invocations
  7271 | D:8      | Reached skill level 8 in Axes
  7279 | D:8      | Noticed a komodo dragon
  7281 | D:8      | Noticed Joseph
  7286 | D:8      | Killed a komodo dragon
  7293 | D:8      | Killed Joseph
  7354 | D:8      | Noticed a komodo dragon
  7355 | D:8      | Reached skill level 7 in Fighting
  7357 | D:8      | Gained mutation: When seriously injured, your bleeding wounds create armour. (AC +6) [demonic ancestry]
  7357 | D:8      | Reached XP level 10. HP: 61/79 MP: 16/16
  7385 | D:8      | Found a staircase to the Lair.
  7615 | D:8      | Reached skill level 9 in Invocations
  7988 | D:9      | Reached ***** piety under Lugonu
  8036 | D:9      | Found Vinida's Weapon Shoppe.
  8392 | D:10     | Entered Level 10 of the Dungeon
  8399 | D:10     | Reached skill level 9 in Axes
  8539 | D:10     | Noticed a manticore
  8561 | D:10     | Killed a manticore
  8688 | D:10     | Reached skill level 2 in Dodging
  8696 | D:10     | Identified a book of Clouds
  8892 | D:10     | Found a staircase to the Orcish Mines.
  9065 | Lair:1   | Entered Level 1 of the Lair of Beasts
  9079 | Lair:1   | Noticed a five-headed hydra
  9087 | Lair:1   | Killed a five-headed hydra
  9087 | Lair:1   | Reached skill level 7 in Armour
  9098 | Lair:1   | HP: 39/80 [blink frog (8)]
  9285 | Lair:1   | Reached skill level 8 in Fighting
  9299 | Lair:1   | Noticed Gastronok
  9340 | Lair:1   | Killed Gastronok
  9340 | Lair:1   | Reached skill level 3 in Dodging
  9340 | Lair:1   | Reached skill level 10 in Invocations
  9340 | Lair:1   | Gained mutation: Your demonic aura causes spilled blood to erupt in flames. [demonic ancestry]
  9340 | Lair:1   | Reached XP level 11. HP: 86/86 MP: 18/18
  9397 | Lair:1   | Reached skill level 10 in Axes
  9794 | Lair:1   | Noticed Likado's ghost (journeyman GnSk)
  9817 | Lair:1   | Killed Likado's ghost
  9961 | Lair:1   | Reached skill level 4 in Dodging
 10011 | Lair:1   | Identified the +8 quarterstaff of the Walnut {crush, rF- rC+ Int+4} (You found it on level 6 of the Dungeon)
 10072 | Lair:2   | Found a staircase to the Snake Pit.
 10249 | Lair:2   | Reached skill level 8 in Armour
 10326 | Lair:2   | Found an opulent altar of Gozag.
 10444 | Lair:2   | Found a staircase to the Swamp.
 10612 | Lair:3   | Noticed Sonja
 10615 | Lair:3   | Banished Sonja
 10716 | Lair:3   | Noticed Nergalle
 10719 | Lair:3   | Banished Nergalle
 10719 | Lair:3   | Reached skill level 9 in Fighting
 10719 | Lair:3   | Reached skill level 11 in Axes
 11299 | Lair:4   | Noticed a six-headed hydra
 11302 | Lair:4   | Gained mutation: Your magical and physical power is slightly enhanced at high health. [demonic ancestry]
 11302 | Lair:4   | Reached XP level 12. HP: 95/95 MP: 19/19
 11307 | Lair:4   | Killed an eight-headed hydra
 11307 | Lair:4   | Reached skill level 5 in Dodging
 11413 | Lair:4   | Identified a book of Callings
 11761 | Lair:4   | Noticed an eight-headed hydra
 11767 | Lair:4   | Killed an eight-headed hydra
 12362 | Lair:5   | Reached skill level 9 in Armour
 12434 | Lair:5   | Reached skill level 12 in Axes
 12537 | Lair:5   | Noticed a six-headed hydra
 12539 | Lair:5   | Killed a six-headed hydra
 12680 | Lair:5   | Reached skill level 6 in Dodging
 12883 | Lair:6   | Entered Level 6 of the Lair of Beasts
 12888 | Lair:6   | Reached skill level 10 in Fighting
 12889 | Lair:6   | Noticed a death yak
 12890 | Lair:6   | Noticed a death yak
 12897 | Lair:6   | Noticed a death yak
 12902 | Lair:6   | Killed a death yak
 12903 | Lair:6   | Killed a death yak
 12906 | Lair:6   | Killed a death yak
 12966 | Lair:6   | Found a staircase to the Slime Pits.
 12969 | Lair:6   | Found a viscous altar of Jiyva.
 13090 | Lair:6   | Identified a book of Enchantments
 13114 | Lair:6   | Noticed a seven-headed hydra
 13120 | Lair:6   | Killed a seven-headed hydra
 13120 | Lair:6   | Reached XP level 13. HP: 101/104 MP: 20/20
 13529 | Lair:6   | Reached skill level 13 in Axes
 13532 | Lair:6   | Reached ****** piety under Lugonu
 13532 | Lair:6   | Reached skill level 7 in Dodging
 13565 | Lair:6   | Reached skill level 10 in Armour
 14078 | Lair:6   | Reached skill level 11 in Fighting
 14556 | Orc:1    | Entered Level 1 of the Orcish Mines
 14664 | Orc:1    | Noticed Snorg
 14679 | Orc:1    | Killed Snorg
 15028 | Orc:1    | Found Ademp's Book Shop.
 15036 | Orc:1    | Bought a book of Necromancy for 360 gold pieces
 15040 | Orc:1    | Learned a level 3 spell: Regeneration
 15045 | Orc:1    | Learned a level 4 spell: Animate Dead
 15076 | Orc:2    | Entered Level 2 of the Orcish Mines
 15204 | Orc:2    | HP: 49/106 [orc sorcerer/bolt of negative energy (27)]
 15223 | Orc:2    | HP: 52/106 [sixfirhy[an orc high priest] (10)]
 15223 | Orc:2    | Reached skill level 1 in Necromancy
 15462 | Orc:2    | Found Juojexej's Antique Armour Boutique.
 15507 | Orc:2    | Found Awoll's Jewellery Emporium.
 15519 | Orc:2    | Reached skill level 8 in Dodging
 15684 | Orc:2    | Found Xugaick's General Store.
 15703 | Orc:2    | Reached XP level 14. HP: 88/113 MP: 21/21
 15713 | Orc:2    | Reached skill level 2 in Necromancy
 15781 | Orc:2    | Found a staircase to the Elven Halls.
 15849 | Orc:2    | HP: 49/113 [orc knight/great sword (25)]
 15882 | Orc:2    | Noticed an orc warlord
 15986 | Orc:2    | Killed an orc warlord
 16059 | Orc:2    | Found Lopanute's Antique Weapon Shop.
 16231 | Orc:2    | Bought a glowing scarf for 176 gold pieces
 16536 | D:8      | Reached skill level 14 in Axes
 16889 | Swamp:1  | Entered Level 1 of the Swamp
 17228 | Swamp:1  | Identified a scroll of acquirement
 17360 | Swamp:1  | Reached skill level 3 in Necromancy
 17697 | Swamp:2  | Noticed a thorn hunter
 17710 | Swamp:2  | Killed a thorn hunter
 17887 | Swamp:2  | Found a frozen archway.
 17887 | Swamp:2  | Noticed an azure jelly
 17898 | Swamp:2  | Killed an azure jelly
 17898 | Swamp:2  | Reached skill level 4 in Necromancy
 17999 | IceCv    | Entered an ice cave
 18106 | IceCv    | HP: 46/114 [ice devil (17)]
 18384 | IceCv    | HP: 56/114 [ice devil (5)]
 18389 | IceCv    | HP: 50/114 [ice devil (9)]
 18525 | IceCv    | Noticed an Ice Fiend
 18526 | IceCv    | Noticed an Ice Fiend
 18527 | IceCv    | HP: 37/114 [??? (28)]
 18537 | IceCv    | HP: 33/114 [??? (25)]
 18544 | IceCv    | HP: 44/114 [??? (34)]
 18545 | IceCv    | HP: 19/114 [??? (12)]
 18546 | IceCv    | HP: 6/114 [Ice Fiend/bolt of cold (14)]
 18821 | Swamp:2  | HP: 46/114 [tyrant leech (20)]
 18828 | Swamp:2  | HP: 22/114 [tyrant leech (15)]
 19259 | Swamp:2  | HP: 53/114 [spriggan rider/spear (9)]
 19581 | Swamp:2  | Reached skill level 9 in Dodging
 19881 | Swamp:2  | Reached skill level 5 in Necromancy
 20012 | Swamp:3  | Reached skill level 11 in Armour
 20431 | Swamp:3  | Reached skill level 12 in Fighting
 20740 | Swamp:1  | Reached XP level 15. HP: 109/120 MP: 18/22
 20931 | Snake:1  | Entered Level 1 of the Snake Pit
 20931 | Snake:1  | Noticed a nagaraja
 20931 | Snake:1  | Noticed a nagaraja
 20935 | Snake:1  | HP: 59/120 [mana viper (8)]
 20943 | Lair:2   | HP: 40/120 [poisoned by a naga (splash of poison)]
 21365 | D:11     | Reached skill level 15 in Axes
 21446 | D:11     | Paralysed by a wizard for 5 turns
 21767 | D:11     | Found Aleozoa's Magic Scroll Shoppe.
 21781 | D:11     | Bought a scroll of fear for 49 gold pieces
 21781 | D:11     | Bought a scroll of teleportation for 42 gold pieces
 21781 | D:11     | Bought 3 scrolls of enchant weapon for 315 gold pieces
 21847 | D:11     | Found a runed door.
 21871 | D:11     | Noticed a fire giant
 21930 | D:11     | Got a transparent lead amulet
 21961 | D:11     | Identified a +1 pair of boots of running (You found it on level 11 of the Dungeon)
 21965 | D:11     | Identified the amulet of Rutog {+Rage +Fly rF+} (You found it on level 11 of the Dungeon)
 22462 | Snake:1  | Corrupted Snake:1
 22462 | Snake:1  | Noticed a tentacled starspawn
 22463 | Snake:1  | HP: 59/120 [shock serpent (7)]
 22466 | Lair:2   | HP: 23/120 [shock serpent/bolt of electricity (12)]
 22471 | Lair:2   | HP: 7/120 [anaconda (7)]
 22472 | Lair:2   | HP: 1/120 [anaconda (5)]
 22472 | Lair:2   | Killed from afar by a shock serpent

Vault maps used:
D:1:      roderic_crop_circles_arrival_small, minmay_tetromino_i4
D:2:      wad_crossroads, nicolae_ru_awakened_eye,
          gammafunk_temple_overflow_wave, first_bread, moated_statue
D:3:      feat_on_display, uniq_jessica
D:4:      minmay_temple_entry_overgrown, minivault_25,
          corexii_item_surrounded_by_moat, uniq_pikel, uniq_edmund
D:5:      basic_altar
D:6:      minmay_liquid_box
D:7:      cheibriados_altar_1, uniq_menkaure
D:8:      erik_lair_dragon, grunt_livestock, uniq_joseph
D:9:      serial_shops, nicolae_shop_stone
D:10:     orc_0_dummy
D:11:     cheibrodos_wizards_tower, serial_shops, shop, minmay_st_funbox
Lair:1:   grunt_megastairs_2, uniq_gastronok
Lair:2:   swamp_mist_pool, minmay_snake_entry_guardpost_small, basic_altar
Lair:3:   uniq_nergalle, uniq_sonja
Lair:6:   grunt_lair_end_beastmaster, slime_altar_1, grunt_megastairs_5
Swamp:1:  infiniplex_staircase_pool
Swamp:2:  portal_ice_cave_entry_frozen_things, evilmike_swamp_ruin_house_5
Swamp:3:  evilmike_swamp_ruin_house_3
Snake:1:  evilmike_ambush, grunt_megastairs_1, serial_bayou_shore_b
Orc:1:    serial_shops, shop, uniq_snorg
Orc:2:    grunt_orc_gardens, grunt_orc_garden, grunt_orc_garden,
          grunt_orc_garden, grunt_orc_garden
IceCv:    ice_cave_small_demon

Skill      XL: |  1  2  3  4  5  6  7  8  9 10 11 12 13 14 15 |
---------------+----------------------------------------------+-----
Axes           | 2 3 4 5 6 8 9 11 12 13 14 15 | 15.1
Armour         | 2 3 4 5 6 7 8 9 10 11 | 11.3
Dodging        | 1 3 4 6 8 9 |  9.4
Invocations    | 3 4 5 6 8 10 | 10.0
Fighting       | 4 5 7 8 9 10 11 12 | 12.1
Necromancy     | 1 5 |  5.3

Action                   |  1- 3 |  4- 6 |  7- 9 | 10-12 | 13-15 || total
-------------------------+-------+-------+-------+-------+-------++-------
Melee: Hand axe          |   182 |   115 |   179 |       |       ||   476
       War axe           |       |       |   239 |   315 |    26 ||   580
       Flail             |       |       |       |    13 |       ||    13
       Battleaxe         |       |       |       |       |   695 ||   695
Throw: Javelin           |       |       |       |     1 |       ||     1
Invok: Depart the Abyss  |     1 |       |       |       |       ||     1
       Bend Space        |       |       |     1 |       |       ||     1
       Banish            |       |       |       |     3 |     5 ||     8
       Corrupt           |       |       |       |       |     1 ||     1
  Use: Scroll            |     5 |       |     8 |    18 |    22 ||    53
       Potion            |       |       |       |     4 |     9 ||    13
 Stab: Distracted        |       |       |     2 |     4 |     1 ||     7
  Eat: Chunk             |     3 |     3 |    12 |     9 |    17 ||    44
       Fruit             |     1 |     1 |     2 |     2 |    11 ||    17
       Bread ration      |       |       |       |     2 |     2 ||     4
Armor: Leather armour    |    47 |       |       |       |       ||    47
       Plate armour      |    21 |    62 |       |       |   203 ||   286
       Scale mail        |       |       |   207 |   144 |       ||   351
       Chain mail        |       |       |       |     8 |   242 ||   250
Dodge: Dodged            |   115 |    15 |   222 |   162 |   306 ||   820
Block: Buckler           |       |       |       |       |     3 ||     3
       Shield            |       |       |       |       |     6 ||     6
